 Dungeon Crawl Stone Soup version 0.29.1-2-gbd0b4ee654 (webtiles) character file.

Game seed: 11271312266552070367

50291 concon the Hand of Shadow (level 14, -2/163 HPs)
             Began as a Demonspawn Gladiator on Nov 26, 2022.
             Was a High Priest of Dithmenos.
             Slain by a minotaur
             ... wielding a +1 vampiric spear
              (13 damage)
             ... in a Gauntlet.
             The game lasted 00:56:11 (26045 turns).

concon the Hand of Shadow (Demonspawn Gladiator)   Turns: 26045, Time: 00:56:12

Health: -2/163     AC: 11    Str: 22    XL:     14   Next: 19%
Magic:  0/21       EV: 17    Int: 14    God:    Dithmenos [*****.]
Gold:   1252       SH:  4    Dex: 17    Spells: 13/13 levels left

rFire   . . .      SeeInvis .   Z - +0 broad axe (elec)
rCold   . . .      Faith    .   (no shield)
rNeg    . . .      Spirit   +   S - +0 steam dragon scales
rPois   +          Reflect  .   P - +0 helmet {Int+3}
rElec   .          Harm     .   (no cloak)
rCorr   .          Rampage  .   (gloves unavailable)
Will    +....      NoTele   +   A - +0 pair of boots {Fly}
Stlth   ..........              x - amulet of guardian spirit
HPRegen 0.37/turn               y - +6 ring of strength
MPRegen 0.17/turn               T - ring of poison resistance

@: mighty, berserking, flying, wreathed by umbra, very quick
A: claws 3, thin metallic scales 1, powered by pain 1, condensation shield
a: Renounce Religion, Shadow Step, Shadow Form


You were in a Gauntlet.
You worshipped Dithmenos.
Dithmenos was extremely pleased with you.
You visited 3 branches of the dungeon, and saw 18 of its levels.
You also visited: Ossuary and Gauntlet.

You collected 1439 gold pieces.
You spent 187 gold pieces at shops.

Inventory:

Hand Weapons
 K - the +8 trident of the Octopus King {venom, rElec rPois}
   (You found it on level 6 of the Dungeon)

   It poisons the flesh of those it strikes.
   rElec:     It insulates you from electricity.
   rPois:     It protects you from poison.
 Z - a +0 broad axe of electrocution (weapon)
Missiles
 e - 8 javelins
 g - 140 stones
 C - 23 poisoned darts (quivered)
 U - 8 boomerangs
 Y - 2 silver javelins
Armour
 j - a +0 pair of boots
 A - a +0 pair of boots of flying (worn)
 P - a +0 helmet of intelligence (worn)
 S - +0 steam dragon scales (worn)
Jewellery
 a - a +6 ring of strength
 f - a ring of positive energy
 i - a ring of resist corrosion
 w - a +6 ring of strength
 x - an amulet of guardian spirit (around neck)
 y - a +6 ring of strength (left claw)
 J - a ring of positive energy
 R - a ring of protection from cold
 T - a ring of poison resistance (right claw)
 V - a +6 ring of dexterity
Wands
 d - a wand of flame (18)
 z - a wand of mindburst (8)
 E - a wand of polymorph (14)
 W - a wand of light (3)
Scrolls
 b - 3 scrolls of immolation
 h - 12 scrolls of teleportation
 m - 2 scrolls of magic mapping
 n - 3 scrolls of fog
 s - 2 scrolls of fear
 u - a scroll of torment
 B - 3 scrolls of enchant armour
 I - 2 scrolls of brand weapon
 N - 2 scrolls of amnesia
 O - 6 scrolls of identify
 X - 3 scrolls of poison
Potions
 k - a potion of magic
 l - 11 potions of curing
 o - 2 potions of might
 p - 3 potions of haste
 q - a potion of berserk rage
 r - a potion of resistance
 t - a potion of ambrosia
 v - 5 potions of flight
 D - 2 potions of cancellation
 F - 3 potions of mutation
 G - 5 potions of degeneration
 H - 2 potions of attraction
 L - 4 potions of lignification
 M - 3 potions of brilliance
Miscellaneous
 c - a phantom mirror
 Q - a tin of tremorstones (2/2)


   Skills:
 * Level 9.7 Fighting
 * Level 6.7(8.1) Axes
 - Level 6.9(8.2) Polearms
 * Level 8.1 Throwing
 * Level 7.9 Armour
 * Level 9.5 Dodging
 * Level 8.7 Stealth
 - Level 3.7 Shields
 * Level 10.1 Invocations
 * Level 7.4 Evocations


You had 13 spell levels left.
You didn't know any spells.
Your spell library contained the following spells:

 Spells                   Type           Power      Damage    Failure   Level
 Apportation              Tloc           0%         N/A       28%         1
 Ensorcelled Hibernation  Hex/Ice        0%         N/A       41%         2
 Passwall                 Tmut/Erth      0%         N/A       41%         2
 Scorch                   Fire           0%         2d5       41%         2
 Static Discharge         Conj/Air       0%         3-3/arc   41%         2
 Ignite Poison            Fire/Tmut/Pois 0%         N/A       65%         3
 Mephitic Cloud           Conj/Pois/Air  0%         N/A       65%         3
 Portal Projectile        Hex/Tloc       0%         N/A       65%         3
 Swiftness                Air            0%         N/A       65%         3
 Tukima's Dance           Hex            0%         N/A       65%         3
 Dispel Undead            Necr           0%         3d6       96%         4
 Flame Wave               Conj/Fire      0%         2d4       96%         4
 Passage of Golubria      Tloc           0%         N/A       96%         4
 Petrify                  Tmut/Erth      0%         N/A       96%         4
 Sticky Flame             Conj/Fire      0%         2d3       96%         4
 Alistair's Intoxication  Tmut/Pois      0%         N/A       100%        5
 Blade Hands              Tmut           0%         N/A       100%        5
 Metabolic Englaciation   Hex/Ice        0%         N/A       100%        5
 Silence                  Hex/Air        0%         N/A       100%        5
 Summon Forest            Summ/Tloc      0%         N/A       100%        5
 Statue Form              Tmut/Erth      0%         N/A       100%        6
 Summon Cactus Giant      Summ           0%         N/A       100%        6
 Lehudib's Crystal Spear  Conj/Erth      0%         10d2      100%        8


Dungeon Overview and Level Annotations

Branches:
Dungeon (11/15)            Temple (0/1) D:6            Lair (5/5) D:9
 Shoals (0/4) Lair:3       Spider (0/4) Lair:2        Slime (0/5) Lair:4
    Orc (2/2) D:11            Elf (0/3) Orc:2       Ossuary (visited)
Gauntlet (1/1)

Altars:
Ashenzari
Dithmenos
Fedhas
Hepliaklqana
Kikubaaqudgha
Okawaru
Sif Muna
Uskayaw
Vehumet
Yredelemnul

Shops:
D:1 (   D:2 ((=   D:7 *   D:8 [

Annotations:
Gauntlet 6 transporters, exclusion: oklob plant


Innate Abilities, Weirdness & Mutations

You have claws for hands.
You are partially covered in thin metallic scales. (AC +2)
You sometimes gain a little power by taking damage.
A meltable shield of frost defends you. (SH +4)


Message History

You feel very mighty all of a sudden.
The minotaur bellows!
You hit the minotaur but do no damage.
The minotaur hits you with a +1 vampiric spear!!
The minotaur gores you.
The minotaur hits you with a +1 vampiric spear!
The minotaur gores you.
You barely miss the minotaur.
Your shadow hits the minotaur but does no damage.
The minotaur drinks a potion.
The minotaur goes berserk!
A red film seems to cover your vision as you go berserk!
You feel yourself moving faster!
You feel mighty! You block the minotaur's attack.
The minotaur completely misses you.
You slash the minotaur! Lightning courses through the minotaur!
The minotaur is lightly wounded.
Your shadow hits the minotaur but does no damage.
The minotaur hits you with a +1 vampiric spear!
The minotaur draws strength from your wounds!
The minotaur gores you but does no damage.
You hit the minotaur.
The minotaur is lightly wounded.
The minotaur hits you with a +1 vampiric spear!!!
You focus on the pain.
You feel mightier all of a sudden. The minotaur gores you!
The minotaur hits you with a +1 vampiric spear!!!
* * * LOW HITPOINT WARNING * * *
You focus on the pain.
You feel your power returning. The minotaur gores you.
* * * LOW HITPOINT WARNING * * *
You slash the minotaur!
The minotaur is moderately wounded.
The minotaur hits you with a +1 vampiric spear.
* * * LOW HITPOINT WARNING * * *
The minotaur draws strength from your wounds!
The minotaur gores you!!
* * * LOW HITPOINT WARNING * * *
You barely miss the minotaur.
The minotaur is moderately wounded.
The minotaur hits you with a +1 vampiric spear!!
You die...

#...#.≈##...##..
©..©#.###.⌠.##.# .#
#...#..##......# .#
###.#...#.⌠.##.##.# #
....#.∩.#...##....#.#
#####...#.©.##.# .#.#
#.....⌠.#......# .'.
#####...#.©.##.##.#
#8..#.∩.#...##..@.#
8...#...#.⌠.##.##H#
.8.)#..##......# .#
©.8©#.# #.⌠.##.# .#
.8.!#. #...##.. .#
8.. #.⌠.#### ## #8.
#...# ### ##### ...


You could see a minotaur (berserk).

Vanquished Creatures
  Snorg (Lair:3)
  A blizzard demon (Gauntlet)
  4 hydras
  3 catoblepae (Lair:5)
  The ghost of Jingleheimer the Impaler, a journeyman DsGl of Yredelemnul (D:11)
  8 death yaks (Lair:5)
  Urug (Lair:5)
  An obsidian statue (D:10)
  An orc knight (Orc:1)
  An ugly thing (D:7)
  3 oklob plants
  2 moths of wrath (Gauntlet)
  2 manticores (Lair:5)
  A cyclops (D:11)
  An eye of devastation (Lair:4)
  20 elephants
  3 black mambas
  13 cane toads
  An ice devil (Gauntlet)
  2 kobold demonologists (D:9)
  4 rime drakes
  10 komodo dragons
  3 polar bears
  16 blink frogs
  5 dream sheep (Lair:5)
  A shadow (D:9)
  35 yaks
  3 wyverns
  2 steam dragons
  A vampire (D:9)
  2 basilisks
  2 redbacks (Lair:2)
  3 wargs (Orc:1)
  3 sky beasts
  A floating eye (Lair:4)
  10 water moccasins
  4 orc warriors
  2 ice beasts (D:6)
  2 ogres
  14 wolves
  3 centaurs
  2 kobold brigands
  15 bullfrogs
  A gnoll sergeant (D:7)
  4 necrophages
  4 scorpions
  A wyvern zombie (Ossuary)
  6 wights
  A water moccasin zombie (Ossuary)
  3 killer bees (D:10)
  2 centaur zombies (Ossuary)
  5 bullfrog zombies (Ossuary)
  8 hounds
  3 jellies
  5 orc priests
  A gnoll bouda (D:8)
  5 iguanas
  12 orc wizards
  A killer bee zombie (Ossuary)
  16 mummies
  2 howler monkey zombies (Ossuary)
  19 gnolls
  7 adders
  4 white imps
  2 ufetubi
  4 worms (D:2)
  A dart slug (D:4)
  44 orcs
  8 ball pythons
  2 bats (D:3)
  3 endoplasms
  6 giant cockroaches
  6 goblins
  8 hobgoblins
  4 jackals (D:2)
  12 kobolds
  4 quokkas
  3 frilled lizards
  3 rats
433 creatures vanquished.

Vanquished Creatures (others)
  11 fungi
  23 plants
  A withered plant (Ossuary)
35 creatures vanquished.

Grand Total: 468 creatures vanquished

Notes
Turn   | Place    | Note
-------+----------+-------------------------------------------
     0 | D:1      | concon the Demonspawn Gladiator began the quest for the
                  | Orb.
     0 | D:1      | Reached XP level 1. HP: 16/16 MP: 1/1
   190 | D:1      | Found Hycug's Weapon Emporium.
   233 | D:1      | Found a faded altar of an unknown god.
   250 | D:1      | Prayed at the altar of an unknown god.
   250 | D:1      | Became a worshipper of Dithmenos the Shadowed
   250 | D:1      | Reached * piety under Dithmenos
  1306 | D:2      | Gained mutation: You sometimes gain a little power by
                  | taking damage. [demonic ancestry]
  1306 | D:2      | Reached XP level 2. HP: 22/22 MP: 2/2
  1434 | D:2      | Found Neti's Weapon Boutique.
  1466 | D:2      | Reached XP level 3. HP: 11/27 MP: 3/3
  1467 | D:2      | Reached skill level 1 in Armour
  1725 | D:2      | Found Liawiviv's Weapon Shoppe.
  1791 | D:2      | Reached skill level 1 in Stealth
  1794 | D:2      | Reached ** piety under Dithmenos
  1795 | D:2      | Reached skill level 1 in Invocations
  1795 | D:2      | Reached XP level 4. HP: 6/34 MP: 4/4
  2139 | D:2      | Found an ancient bone altar of Kikubaaqudgha.
  2300 | D:2      | Found Keras's Jewellery Emporium.
  3079 | D:3      | Reached XP level 5. HP: 39/39 MP: 6/6
  3574 | D:3      | Found an iron altar of Okawaru.
  3928 | D:3      | Found a hazy altar of Hepliaklqana.
  3956 | D:3      | Found a blossoming altar of Fedhas.
  3990 | D:4      | Found a shadowy altar of Dithmenos.
  4139 | D:4      | Reached skill level 2 in Invocations
  4139 | D:4      | Reached XP level 6. HP: 19/46 MP: 7/7
  4845 | D:4      | Found a basalt altar of Yredelemnul.
  4879 | D:4      | Reached *** piety under Dithmenos
  5440 | D:5      | Entered Level 5 of the Dungeon
  5491 | D:5      | Reached skill level 1 in Evocations
  5572 | D:5      | Gained mutation: You are partially covered in thin metallic
                  | scales. (AC +2) [demonic ancestry]
  5572 | D:5      | Reached XP level 7. HP: 52/52 MP: 8/8
  5760 | D:5      | Reached skill level 3 in Invocations
  6045 | D:6      | Identified the +1 leather armour of Opnitom {Harm}
  6052 | D:6      | Found a staircase to the Ecumenical Temple.
  6401 | D:6      | Reached XP level 8. HP: 51/59 MP: 10/10
  6709 | D:6      | Found a hide-covered altar of Uskayaw.
  6947 | D:6      | Found the +8 trident of the Octopus King {venom, rElec
                  | rPois}
  7627 | D:7      | Reached skill level 5 in Axes
  7627 | D:7      | Reached skill level 4 in Invocations
  7689 | D:7      | Found Edity's Gadget Gallery.
  7718 | D:7      | Reached **** piety under Dithmenos
  7802 | D:7      | Found a sand-covered staircase.
  7812 | Ossuary  | Entered an ossuary
  7868 | Ossuary  | Reached XP level 9. HP: 44/66 MP: 8/12
  7873 | Ossuary  | Reached skill level 1 in Polearms
  8117 | Ossuary  | Reached ***** piety under Dithmenos
  8480 | D:7      | Reached skill level 5 in Invocations
  8509 | D:7      | Reached skill level 5 in Fighting
  8670 | D:7      | Noticed a purple ugly thing
  8692 | D:7      | Killed a purple ugly thing
  8693 | D:7      | Reached skill level 5 in Armour
  8693 | D:7      | Reached skill level 5 in Dodging
  9336 | D:8      | Found a radiant altar of Vehumet.
  9513 | D:8      | Gained mutation: A meltable shield of frost defends you.
                  | (SH +4) [demonic ancestry]
  9513 | D:8      | Reached XP level 10. HP: 74/74 MP: 14/14
  9646 | D:8      | Found Foqouw's Antique Armour Boutique.
  9654 | D:8      | Bought a shiny helmet for 187 gold pieces
 10234 | D:9      | You fall into a shaft and drop 2 floors!
 10279 | D:10     | Entered Level 10 of the Dungeon
 10346 | D:10     | Reached skill level 6 in Invocations
 10757 | D:10     | Noticed an obsidian statue
 10773 | D:10     | Killed an obsidian statue
 10774 | D:10     | Reached skill level 1 in Shields
 11279 | D:9      | Reached skill level 5 in Throwing
 11690 | D:9      | Found a shimmering blue altar of Sif Muna.
 11890 | D:9      | Found a staircase to the Lair.
 11977 | D:9      | Found a broken altar of Ashenzari.
 11996 | D:9      | Reached skill level 5 in Stealth
 12566 | Lair:1   | Entered Level 1 of the Lair of Beasts
 12566 | Lair:1   | Noticed an oklob plant
 12566 | Lair:1   | Noticed a cane toad
 12589 | Lair:1   | Killed a cane toad
 12590 | Lair:1   | Reached skill level 5 in Polearms
 12609 | Lair:1   | Killed an oklob plant
 12610 | Lair:1   | Reached XP level 11. HP: 57/81 MP: 9/16
 12652 | Lair:1   | Reached skill level 7 in Invocations
 13212 | Lair:1   | Reached skill level 5 in Evocations
 14508 | Lair:2   | Found a hole to the Spider Nest.
 14961 | Lair:2   | Noticed an oklob plant
 14969 | Lair:2   | Noticed an oklob plant
 14992 | Lair:2   | Killed an oklob plant
 15084 | Lair:2   | Killed an oklob plant
 15613 | Lair:2   | Noticed a five-headed hydra
 15619 | Lair:2   | Killed a five-headed hydra
 15620 | Lair:2   | Reached skill level 8 in Invocations
 15963 | Lair:2   | Gained mutation: You have sharp fingernails. [demonic
                  | ancestry]
 15963 | Lair:2   | Reached XP level 12. HP: 82/91 MP: 16/18
 16506 | Lair:3   | Noticed Snorg
 16526 | Lair:3   | Killed Snorg
 16963 | Lair:3   | Found a staircase to the Shoals.
 17588 | Lair:4   | Found a staircase to the Slime Pits.
 17846 | Lair:4   | Paralysed by a floating eye for 4 turns
 18062 | Lair:4   | Noticed a four-headed hydra
 18170 | Lair:4   | Killed a four-headed hydra
 18941 | Lair:4   | Reached ****** piety under Dithmenos
 18993 | Lair:4   | Reached skill level 9 in Invocations
 19794 | Lair:5   | Entered Level 5 of the Lair of Beasts
 19799 | Lair:5   | Gained mutation: You have very sharp fingernails. [demonic
                  | ancestry]
 19799 | Lair:5   | Reached XP level 13. HP: 95/99 MP: 19/19
 21162 | Lair:5   | Noticed Urug
 21176 | Lair:5   | Killed Urug
 22109 | Lair:5   | Got the Tome of Fetid Coordinates
 23709 | D:11     | Found a staircase to the Orcish Mines.
 23756 | D:11     | Gained mutation: You have claws for hands. [demonic
                  | ancestry]
 23756 | D:11     | Reached XP level 14. HP: 37/108 MP: 8/21
 24441 | D:11     | Found a runed translucent door.
 24444 | D:11     | Noticed Jingleheimer's ghost (journeyman DsGl)
 24698 | D:11     | HP: 5/108 [Jingleheimer's ghost (10)]
 24711 | D:11     | HP: 5/108 [Jingleheimer's ghost (2)]
 24717 | D:11     | Killed Jingleheimer's ghost
 24718 | D:11     | Reached skill level 10 in Invocations
 25066 | Orc:1    | Entered Level 1 of the Orcish Mines
 25498 | Orc:2    | Entered Level 2 of the Orcish Mines
 25502 | Orc:2    | Found a gate leading to a gauntlet.
 25511 | Gauntlet | Entered a Gauntlet
 25511 | Gauntlet | Found a transporter.
 25511 | Gauntlet | Found a transporter.
 25541 | Gauntlet | Found a transporter.
 25541 | Gauntlet | Found a transporter.
 25552 | Gauntlet | Found a transporter.
 25552 | Gauntlet | Found a transporter.
 25589 | Gauntlet | Found a transporter.
 25591 | Gauntlet | Found a transporter.
 25591 | Gauntlet | Found a transporter.
 25591 | Gauntlet | Found a transporter.
 25676 | Gauntlet | Found a transporter.
 25721 | Gauntlet | Identified the amulet of Zuroas {RegenMP rPois Str+4 Dex-4}
 25724 | Gauntlet | Found a transporter.
 26045 | Gauntlet | Slain by a minotaur

Illustrated notes

Levels and vault maps discovered:
D:1:      amcnicky_arrival_flooded_fountain, layout_basic,
          ebering_ecumenical_altar_sacrificial, serial_shops, shop,
          minmay_tromino_v4_c
D:2:      layout_loops_corners, basic_altar, serial_shops, shop,
          nicolae_shop_trees, nicolae_lakefront_shop, nicolae_wormholes
D:3:      layout_basic, okawaru_trees_2, mainiacjoe_overflow_big_doors
D:4:      layout_loops_corners, lemuel_crystal_altar, general_overflow_altar,
          serial_rivers, chequers_serial_rivers_micro_c,
          chequers_serial_rivers_room_b, chequers_serial_rivers_micro_d,
          chequers_serial_rivers_small_3, chequers_serial_rivers_micro_b,
          chequers_serial_rivers_micro_d, dk_vineyard_3
D:5:      layout_loops_ring, nicolae_tso_swordbearing_angel,
          mainiacjoe_overflow_cross_hatched, chequers_serial_rivers_small_b,
          minmay_door_square
D:6:      layout_basic, mainiacjoe_overflow_catwalk,
          minmay_temple_entry_slanted, hangedman_minor_gate_pass
D:7:      hangedman_cross_stitches, layout_loops_ring,
          gup_ossuary_entry_pyramid, nicolae_shop_gadgets
D:8:      layout_loops_ring, vehumet_crystals, serial_shops, shop,
          amcnicky_mini_pool_medium
D:9:      layout_irregular_city, nicolae_ashenzari_skybound, led_sif_book,
          lair_entry_dummy
D:10:     layout_roguey, minivault_1, minivault_16
D:11:     layout_roguey, david_orc_3, ebering_ghost_reflecting_pool
Lair:1:   layout_gridlike, dpeg_stationary_puzzle, lemuel_fruit_tree
Lair:2:   minmay_lair_oklob_tunnel, layout_long_grid, spider_nest_entry_a
Lair:3:   layout_misc_corridors, elwin_shoals_entry_rooms, serial_bayou_ford_a,
          uniq_snorg
Lair:4:   layout_misc_corridors, minmay_slime_entry_eyes
Lair:5:   evilmike_catoblepas_cave, layout_hall_layers, ldierk_geyser,
          grunt_megastairs_1, uniq_urug
Orc:1:    layout_caves
Orc:2:    st_orc_town, layout_caves, basic_altar, nicolae_volcano_entry_s_turn,
          gauntlet_entry_generic, uniq_erolcha
Gauntlet: minmay_gauntlet_77_indecision [minmay_gauntlet_arena_77_two_paths,
          minmay_gauntlet_arena_77_hold_the_fort, minmay_gauntlet_arena_77_box,
          minmay_gauntlet_arena_77_block_sizes, minmay_gauntlet_arena_77_mirror,
          minmay_gauntlet_arena_77_terracotta_army, gauntlet_exit_watery]

Skill      XL: |  1  2  3  4  5  6  7  8  9 10 11 12 13 14 |
---------------+-------------------------------------------+-----
Dodging        | 3 4 5 6 8 9 |  9.5
Throwing       | 2 3 4 5 6 7 8 |  8.1
Armour         | 1 2 3 4 5 6 7 |  7.9
Axes           | 3 4 5 6 |  6.7
Stealth        | 1 2 3 4 5 6 7 8 |  8.7
Invocations    | 1 2 3 4 5 6 8 9 10 | 10.1
Fighting       | 3 4 5 6 7 8 9 |  9.7
Evocations     | 1 2 3 4 5 6 7 |  7.4
Polearms       | 3 5 6 |  6.9
Shields        | 2 3 |  3.7

Action                   |  1- 3 |  4- 6 |  7- 9 | 10-12 | 13-15 || total
-------------------------+-------+-------+-------+-------+-------++-------
Melee: War axe           |    66 |   115 |       |       |       ||   181
       Hand axe          |       |    99 |   109 |       |       ||   208
       Punch             |       |     2 |     3 |     9 |     8 ||    22
       Trident           |       |       |   209 |   541 |   393 ||  1143
       Broad axe         |       |       |       |       |    69 ||    69
Throw: Dart              |     3 |    26 |    16 |    36 |    17 ||    98
       Throwing net      |     4 |     1 |     1 |     2 |     3 ||    11
       Stone             |     1 |     2 |       |     9 |       ||    12
       Boomerang         |       |       |       |    25 |    34 ||    59
       Javelin           |       |       |       |       |     8 ||     8
Invok: Shadow Form       |       |       |       |       |     1 ||     1
Evoke: Wand              |       |       |       |       |     2 ||     2
       Tin of tremorston |       |       |       |       |     1 ||     1
  Use: Potion            |       |     2 |       |     5 |    11 ||    18
       Scroll            |       |     4 |    15 |     9 |     4 ||    32
 Stab: Held in net/web   |     1 |       |       |     1 |     4 ||     6
       Sleeping          |       |     2 |     5 |    19 |    11 ||    37
       Distracted        |       |       |     1 |     2 |     1 ||     4
       Invisible         |       |       |       |     1 |     1 ||     2
       Petrified         |       |       |       |       |     3 ||     3
Armor: Ring mail         |    23 |    79 |   111 |    21 |       ||   234
       Steam dragon scal |       |       |       |   136 |    99 ||   235
Dodge: Dodged            |    49 |   155 |   191 |   421 |   369 ||  1185
Block: Other             |       |       |       |    86 |    91 ||   177
